 Dungeon Crawl Stone Soup version 0.27-a0-29-g2d0a2396b0 (webtiles) character file.

Game seed: 7195339348473014573

265 pkoi the Insei (level 5, -13/46 HPs)
             Began as a Draconian Monk on Jan 4, 2021.
             Mangled by an ogre
             ... wielding a +0 giant spiked club
              (26 damage)
             ... on level 4 of the Dungeon.
             The game lasted 00:03:04 (4222 turns).

pkoi the Insei (Draconian Monk)                     Turns: 4222, Time: 00:03:05

Health: -13/46     AC:  8    Str: 13    XL:     5   Next: 99%
Magic:  5/5        EV: 13    Int: 12    God:
Gold:   203        SH:  0    Dex: 13    Spells: 4/4 levels left

rFire    . . .     SeeInvis .     - Unarmed
rCold    . . .     Faith    .   (no shield)
rNeg     . . .     Spirit   .   (armour unavailable)
rPois    .         Reflect  .   (helmet restricted)
rElec    .         Harm     .   b - +2 cloak {rCorr}
rCorr    +         Rampage  .   (no gloves)
Will     .....                  (no boots)
Stlth    ++........             (no amulet)
HPRegen  0.15/turn              (no ring)
MPRegen  0.09/turn              (no ring)

@: no status effects
A: unfitting armour, cold-blooded, AC +5
a: no special abilities


You were on level 4 of the Dungeon.
You visited 1 branch of the dungeon, and saw 4 of its levels.

You collected 203 gold pieces.

Inventory:

Armour
 b - a +2 cloak of preservation (worn)
Scrolls
 a - a scroll of immolation {unknown}
 c - 2 scrolls of teleportation {unknown}
 e - a scroll of identify {unknown}
 f - 2 scrolls of fog {unknown}
 g - 3 scrolls of magic mapping {unknown}
 i - 2 scrolls of amnesia {unknown}
 j - a scroll of fear {unknown}
 l - a scroll of remove curse {unknown}
Potions
 d - 2 potions of heal wounds {unknown}
 h - a potion of curing
 k - 2 potions of lignification {unknown}
 m - a potion of resistance {unknown}
 n - a potion of might {unknown}


   Skills:
 + Level 4.2 Fighting
 + Level 3.5 Dodging
 - Level 1.7 Stealth
 * Level 5.7 Unarmed Combat


You had 4 spell levels left.
You didn't know any spells.
Your spell library was empty.

Dungeon Overview and Level Annotations

Branches:
Dungeon (4/15)
 Temple: D:4-7

Altars:
Yredelemnul


Innate Abilities, Weirdness & Mutations

Your plain brown scales are hard. (AC +5)
You cannot fit into any form of body armour.
You are cold-blooded and may be slowed by cold attacks.


Message History

You are too injured to fight recklessly!
You are too injured to fight recklessly!
You are too injured to fight recklessly!
You are too injured to fight recklessly!
You are too injured to fight recklessly!
You are too injured to fight recklessly!
You are too injured to fight recklessly!
You are too injured to fight recklessly!
You are too injured to fight recklessly!
You are too injured to fight recklessly!
You are too injured to fight recklessly!
You are too injured to fight recklessly!
You hit the ogre but do no damage. You tail-slap the ogre.
The ogre is heavily wounded.
You hit the ogre. You punch the ogre.
The ogre is severely wounded.
The hound skeleton completely misses you.
The ogre hits you with a +0 giant spiked club!!
Ouch! That really hurt!
You die...

#.##. .# #.#..
#. ##.... ..
#.....#. ##
##....#..#.##
.$....$.#.#.#
#...#..ZO.# # .
#.....@###.#
.##....#....#
..).#...#.###
.##...#..#.###
#........#..#
#.........###
#...#.#####
#.........###
o..........#..#


You could see an ogre and a hound skeleton.

Vanquished Creatures
  A hound (D:3)
  An orc priest (D:3)
  4 gnolls
  6 adders
  3 worms
  2 dart slugs
  4 leopard geckos
  9 orcs
  A ball python (D:2)
  3 giant cockroaches
  6 goblins
  6 hobgoblins
  15 jackals
  9 kobolds
  2 quokkas
  3 bats
  3 frilled lizards
  9 rats
87 creatures vanquished.

Notes
Turn   | Place    | Note
-------+----------+-------------------------------------------
     0 | D:1      | pkoi the Draconian Monk began the quest for the Orb.
     0 | D:1      | Reached XP level 1. HP: 19/19 MP: 1/1
   216 | D:1      | Reached XP level 2. HP: 25/26 MP: 2/2
   595 | D:1      | You fall into a shaft and drop 1 floor!
   604 | D:2      | Reached skill level 4 in Unarmed Combat
   632 | D:2      | Reached XP level 3. HP: 21/31 MP: 3/3
  1016 | D:2      | Found a basalt altar of Yredelemnul.
  1819 | D:2      | Reached XP level 4. HP: 38/38 MP: 4/4
  2394 | D:3      | Reached skill level 5 in Unarmed Combat
  2834 | D:3      | Reached XP level 5. HP: 34/46 MP: 5/5
  4214 | D:4      | Noticed an ogre
  4222 | D:4      | Mangled by an ogre

Illustrated notes

Levels and vault maps discovered:
D:1:      dpeg_arrival_connections, layout_loops_ring
D:2:      mumra_celtic_spiral_tile, layout_basic, old_standard_altar,
          lemuel_another_geyser
D:3:      layout_basic
D:4:      layout_loops_ring, minmay_temple_entry_overgrown,
          minmay_increasing_density, uniq_ijyb

Skill      XL: |  1  2  3  4  5 |
---------------+----------------+-----
Unarmed Combat | 4 5 |  5.7
Dodging        | 3 |  3.5
Fighting       | 4 |  4.2
Stealth        | |  1.7

Action                   |  1- 3 |  4- 6 || total
-------------------------+-------+-------++-------
Melee: Unarmed           |   169 |   226 ||   395
       Tailslap          |    16 |    35 ||    51
       Punch             |     1 |     4 ||     5
  Use: Potion            |     1 |       ||     1
 Stab: Sleeping          |     3 |     5 ||     8
Armor: Skin              |    47 |    55 ||   102
Dodge: Dodged            |   127 |   142 ||   269

Table legend: (Time is in decaauts)
 A = Elapsed time spent in this place.
 B = Non-inter-level travel time spent in this place.
 C = Inter-level travel time spent in this place.
 D = Time resting spent in this place.
 E = Time spent auto-exploring this place.
 F = Levels seen in this place.
 G = Mean time per level.
                   A        B        C        D        E       F      G
               +--------+--------+--------+--------+--------+-----+--------+
         Total |   4193 |   4085 |    108 |    925 |   2383 |   4 | 1048.2 |
       Dungeon |   4193 |   4085 |    108 |    925 |   2383 |   4 | 1048.2 |
               +--------+--------+--------+--------+--------+-----+--------+

Top non-repeatable levels by time:
     D:2: 1647 daAuts
     D:3: 1582 daAuts
     D:1: 847 daAuts
     D:4: 115 daAuts
